 Dungeon Crawl Stone Soup version 0.20.1-1-g8b1a95d (webtiles) character file.

178 lepilou the Poker (level 5, -5/63 HPs)
             Began as a Demonspawn Berserker on July 4, 2017.
             Was a Believer of Trog.
             Killed by divine providence
             ... invoked by an orc priest
              (15 damage)
             ... on level 3 of the Dungeon.
             The game lasted 00:05:09 (2299 turns).

lepilou the Poker (Demonspawn Berserker)            Turns: 2299, Time: 00:05:11

Health: -5/63      AC:  6    Str: 23    XL:     5   Next: 32%
Magic:  5/5        EV: 14    Int: 10    God:    Trog [**....]
Gold:   120        SH:  0    Dex: 13    Spells: 4/4 levels left

rFire    . . .     SeeInvis .   a - +0 spear
rCold    . . .     Gourm    .   (no shield)
rNeg     . . .     Faith    .   j - +0 ring mail
rPois    .         Spirit   .   (helmet restricted)
rElec    .         Reflect  .   (no cloak)
rCorr    .         Harm     .   (no gloves)
MR       .....                  h - +0 pair of boots (curse)
Stlth    ..........             (no amulet)
Regen    0.2/turn               (no ring)
MPRegen  0.1/turn               (no ring)

@: berserking, very quick
A: horns 1, repulsion field 1, blink, clever 1, demonic guardian 1
a: Blink, Berserk, Trog's Hand, Burn Spellbooks, Renounce Religion


You were on level 3 of the Dungeon.
You worshipped Trog.
Trog was pleased with you.
You were very hungry.

You visited 1 branch of the dungeon, and saw 3 of its levels.

You collected 120 gold pieces.

Inventory:

Hand Weapons
 a - a +0 spear (weapon)
Armour
 h - a cursed +0 pair of boots (worn)
 j - a +0 ring mail (worn)
Jewellery
 e - an uncursed ring of fire {unknown}
Scrolls
 b - a scroll of magic mapping {unknown}
 f - 4 scrolls of identify {unknown}
 i - 4 scrolls of remove curse {unknown}
Potions
 k - a potion of degeneration {unknown}
 l - a potion of ambrosia {unknown}
 m - a potion of magic {unknown}
Comestibles
 c - 5 bread rations
 d - a meat ration
 g - 5 chunks of flesh
 n - 2 royal jellies


   Skills:
 + Level 3.8 Fighting
 + Level 4.2 Polearms
 + Level 2.2 Armour
 + Level 2.4 Dodging
 + Level 1.1 Stealth


You had 4 spell levels left.
You didn't know any spells.

Dungeon Overview and Level Annotations

Branches:
Dungeon (3/15)

Altars:


Innate Abilities, Weirdness & Mutations

You are surrounded by a mild repulsion field. (EV +2)
A weak demonic guardian rushes to your aid.
You have a pair of small horns on your head.
You can translocate small distances at will.
Your mind is acute. (Int +2)


Message History

The orc priest mumbles some strange prayers to Beogh against you.
Beogh smites you!
* * * LOW HITPOINT WARNING * * *
A red film seems to cover your vision as you go berserk!
You feel yourself moving faster!
You feel mighty!
You are feeling very hungry.
The orc priest hits your white imp but does no damage.
Attack whom?
Press: ? - help, Dir - move target cursor, f - orc priest
Aim: an orc priest, wielding a club and wearing a chain mail You reach to attack!
You hit the orc priest.
The orc priest is moderately wounded.
Your white imp hits the orc priest but does no damage.
Attack whom?
Press: ? - help, Dir - move target cursor, f/p - orc priest
Aim: an orc priest, wielding a club and wearing a chain mail (moderately wounded)
You could not reach far enough!
The orc priest mumbles some strange prayers to Beogh against you.
Beogh smites you!
You die...

####.....####.)......#
##....#........##.#
#..###.##.###)##.#
###)###.#...(#.##.#
####(....#.#....#.##.#
......(..#.#..#<#.##.#
.........#.#......##.#
.........#.##.######.#########
.........#......@55#.........#
#####..(..###.####o#########.#
......#...# #.# #.# #....#.#
......#...# #.#


#oo #.##.#.# ......#...# #.# #..# #.##.#.### ......#.#.# #.# #..# #........#
.....##.#.# #.# #h.#.####.##### #######)#.. #.# #..#..........# #.#..#
#.........##.## You could see an orc priest, a friendly quasit and a friendly
white imp.

Vanquished Creatures
  An orc priest (D:3)
  An orc wizard (D:3)
  5 adders
  2 leopard geckos
  6 orcs (D:3)
  2 ball pythons (D:3)
  6 bats
  2 giant cockroaches
  6 goblins
  7 hobgoblins
  5 jackals (D:3)
  2 quokkas (D:2)
  2 frilled lizards (D:1)
  8 kobolds
  4 rats
59 creatures vanquished.

Vanquished Creatures (collateral kills)
  3 orcs (D:3)
  A jackal (D:3)
4 creatures vanquished.

Grand Total: 63 creatures vanquished

Notes
Turn   | Place    | Note
-------+----------+-------------------------------------------
     0 | D:1      | lepilou the Demonspawn Berserker began the quest for the Orb.
     0 | D:1      | Reached XP level 1. HP: 18/18 MP: 1/1
   170 | D:1      | Gained mutation: You are surrounded by a mild repulsion field. (EV +2) [demonic ancestry]
   170 | D:1      | Reached XP level 2. HP: 12/24 MP: 2/2
   243 | D:1      | Reached skill level 3 in Polearms
   552 | D:2      | Gained mutation: A weak demonic guardian rushes to your aid. [demonic ancestry]
   552 | D:2      | Reached XP level 3. HP: 21/29 MP: 3/3
  1534 | D:3      | Reached XP level 4. HP: 36/36 MP: 4/4
  1701 | D:3      | Gained mutation: You have a pair of small horns on your head. [potion of mutation]
  1701 | D:3      | Gained mutation: Your mind is acute. (Int +2) [potion of mutation]
  1701 | D:3      | Gained mutation: You can translocate small distances at will. [potion of mutation]
  1730 | D:3      | Reached ** piety under Trog
  1732 | D:3      | Reached skill level 4 in Polearms
  2016 | D:3      | Reached skill level 1 in Stealth
  2016 | D:3      | Reached XP level 5. HP: 42/42 MP: 5/5
  2299 | D:3      | Killed from afar by an orc priest

Skill      XL: |  1  2  3  4 |
---------------+-------------+-----
Polearms       | 3 4 |  4.2
Armour         | 2 |  2.2
Dodging        | 2 |  2.4
Stealth        | 1 |  1.1
Fighting       | |  3.8

Action                   |  1- 3 |  4- 6 || total
-------------------------+-------+-------++-------
Melee: Spear             |   114 |   113 ||   227
       Headbutt          |       |    11 ||    11
Invok: Berserk           |     2 |     3 ||     5
 Abil: Blink             |       |     1 ||     1
  Use: Potion            |       |     2 ||     2
 Stab: Sleeping          |     3 |       ||     3
  Eat: Chunk             |     3 |     5 ||     8
Armor: Animal skin       |     6 |       ||     6
       Ring mail         |     2 |    40 ||    42
Dodge: Dodged            |    57 |    74 ||   131
